 Dungeon Crawl Stone Soup version 0.27-a0-277-g024f7ef292 (webtiles) character file.

Game seed: 1261590079793121540

28 yourHiro the Ruffian (level 2, -6/29 HPs)
             Began as a Troll Berserker on Dec 29, 2020.
             Was a Believer of Trog.
             Shot with an arrow by a centaur (16 damage)
             ... on level 2 of the Dungeon on Jan 4, 2022.
             The game lasted 00:05:15 (1208 turns).

yourHiro the Ruffian (Troll Berserker)              Turns: 1208, Time: 00:05:16

Health: -6/29      AC:  6    Str: 24    XL:     2   Next: 96%
Magic:  1/1        EV: 10    Int:  3    God:    Trog [**....]
Gold:   49         SH:  0    Dex:  9    Spells: 1/1 levels left

rFire    . . .     SeeInvis .     - Unarmed
rCold    . . .     Faith    .   (no shield)
rNeg     . . .     Spirit   .   a - +0 animal skin
rPois    .         Reflect  .   (helmet restricted)
rElec    .         Harm     .   (no cloak)
rCorr    .         Rampage  .   (gloves unavailable)
Will     .....                  (boots unavailable)
Stlth    +.........             (no amulet)
HPRegen  0.49/turn              (no ring)
MPRegen  0.07/turn              (no ring)

@: no status effects
A: large, unfitting armour, claws 3, regeneration 1, shaggy fur 1, tough skin 3
a: Renounce Religion, Berserk, Trog's Hand


You were on level 2 of the Dungeon.
You worshipped Trog.
Trog was pleased with you.
You visited 1 branch of the dungeon, and saw 2 of its levels.

You collected 49 gold pieces.

Inventory:

Armour
 a - a +0 animal skin (worn)
Scrolls
 b - a scroll of enchant weapon {unknown}
 d - a scroll of identify {unknown}
Potions
 c - 3 potions of flight {unknown}
 e - a potion of mutation {unknown}
 f - 2 potions of magic {unknown}
 g - a potion of degeneration {unknown}
 h - a potion of curing {unknown}
 i - 2 potions of brilliance {unknown}


   Skills:
 + Level 2.6 Fighting
 + Level 2.7 Dodging
 + Level 3.6 Unarmed Combat


You had one spell level left.
You didn't know any spells.
Your spell library was empty.

Dungeon Overview and Level Annotations

Branches:
Dungeon (2/15)

Altars:


Innate Abilities, Weirdness & Mutations

You are too large for most types of armour.
You have claws for hands.
Your natural rate of healing is unusually fast.
You are covered in fur. (AC +1)
You have extremely tough skin. (AC +3)


Message History

The kobold hits you but does no damage.
You claw the kobold!
You kill the kobold!
Trog accepts your kill.
A leopard gecko comes into view.
You see here a cursed -1 short sword.
The kobold hits you but does no damage.
You claw the kobold!
You kill the kobold!
Trog accepts your kill.
A centaur comes into view.
The leopard gecko hisses angrily.
The centaur shouts!
The centaur wields a +0 shortbow.
The centaur shoots an arrow.
The arrow hits you.
The centaur shoots an arrow.
The arrow hits you!
Things that are here:
a +0 short sword; 3 stones; a kobold corpse
There are monsters nearby!
The centaur shoots an arrow.
The arrow hits you!
Ouch! That really hurt!
You die...

.#................ ..#
.#...#.##.#####..# ..#
.#...#.##.# #..# ...#
.....#.##.### #..# ...#
....##.##...# #..#.....
....##.####.###..#..#
............##......#
..).##.###....).)#..#.##
................@.......
.....................###
............##.#l#..##
.......#.#..##.#.#..#
....................#
##.##..#.#..##.#.#.c#
#.# ..#.#..##.#.#l.# ...
... ...


You could see a centaur and a leopard gecko.

Vanquished Creatures
  A worm (D:2)
  3 giant cockroaches (D:1)
  2 hobgoblins (D:1)
  2 jackals (D:1)
  6 kobolds
  3 bats (D:1)
  A frilled lizard (D:1)
  4 goblins (D:1)
  3 rats (D:1)
25 creatures vanquished.

Notes
Turn   | Place    | Note
-------+----------+-------------------------------------------
     0 | D:1      | yourHiro the Troll Berserker began the quest for the Orb.
     0 | D:1      | Reached XP level 1. HP: 22/22 MP: 0/0
   126 | D:1      | Reached XP level 2. HP: 28/29 MP: 1/1
   160 | D:1      | Upgraded the game from 0.26-a0-1205-g4083c211ab to
                  | 0.27-a0-277-g024f7ef292
  1132 | D:2      | Reached ** piety under Trog
  1207 | D:2      | Noticed a centaur
  1208 | D:2      | Shot with an arrow by a centaur

Illustrated notes

Levels and vault maps discovered:
D:1:      co_arrival_hall_of_pillars, layout_basic, serial_aquarium,
          aquarium_bridge_square [aquarium_subvault_bridge,
          aquarium_subvault_bridge, aquarium_subvault_bridge,
          aquarium_subvault_balcony], aquarium_bridge_straight
          [aquarium_subvault_bridge, aquarium_subvault_window,
          aquarium_subvault_bridge, aquarium_subvault_balcony],
          aquarium_window_corridor_1, aquarium_window_fake, aquarium_view_2b,
          aquarium_balcony_3b, aquarium_pool_side,
          corexii_item_surrounded_by_moat, chequers_serial_rivers_micro_c,
          corexii_hall_statues_t, roderic_serpentine_path
D:2:      layout_basic, minmay_overflow_temple_star_quad

Action                   || total
-------------------------++-------
Melee: Unarmed           ||    58
Invok: Berserk           ||     1
Armor: Animal skin       ||    53
Dodge: Dodged            ||    70

Table legend: (Time is in decaauts)
 A = Elapsed time spent in this place.
 B = Non-inter-level travel time spent in this place.
 C = Inter-level travel time spent in this place.
 D = Time resting spent in this place.
 E = Time spent auto-exploring this place.
 F = Levels seen in this place.
 G = Mean time per level.
                   A        B        C        D        E       F      G
               +--------+--------+--------+--------+--------+-----+--------+
         Total |   1213 |   1213 |      0 |      0 |    864 |   2 |  606.5 |
       Dungeon |   1213 |   1213 |      0 |      0 |    864 |   2 |  606.5 |
               +--------+--------+--------+--------+--------+-----+--------+

Top non-repeatable levels by time:
     D:1: 1128 daAuts
     D:2: 85 daAuts
